CHARLOTTE Checkers vs CHICAGO Wolves

Created - 22 avril 2024 at 11:09

Goals
1 2 3 T
CHARLOTTE Checkers 0 0 0 0
CHICAGO Wolves 0 4 3 7
Shots
1 2 3 T
CHARLOTTE Checkers 9 6 4 19
CHICAGO Wolves 7 18 11 36

1st period

No Goal

Penalties :
Justin Kirkland (flo) for High sticking (Minor) at 3:10, Noel Hoefenmayer (car) for Interference (Minor) at 6:40, Justin Kirkland (flo) for Roughing (Minor) at 16:28

2nd period

1. CHICAGO Wolves , Jansen Harkins 25 (Karson Kuhlman 49, Morgan Barron 60) at 0:14
2. CHICAGO Wolves , Jack McBain 46 (Joseph Cecconi 33) at 0:20
3. CHICAGO Wolves , Lias Andersson 14 (Ondrej Kase 53, Roland McKeown 35) at 2:16 (PP)
4. CHICAGO Wolves , Nikita Alexandrov 17 (Joseph Cecconi 34) at 15:41

Penalties :
Yan Kuznetsov (flo) for Tripping (Minor) at 1:46, Noel Hoefenmayer (car) for Slashing (Minor) at 4:01, Jack McBain (car) for Tripping (Minor) at 8:26, Nick Cicek (flo) for Boarding (Minor) at 18:49

3rd period

5. CHICAGO Wolves , Joseph Cecconi 12 (Roland McKeown 36, Jack McBain 53) at 0:46 (PP)
6. CHICAGO Wolves , Nikita Alexandrov 18 (Kole Lind 24, Noel Hoefenmayer 35) at 3:45
7. CHICAGO Wolves , Jansen Harkins 26 (Morgan Barron 61, Karson Kuhlman 50) at 4:15

Penalties :
No Penalty

Goalie Stats

Hugo Alnefelt (flo), 23 saves from 29 shots - (0,793), L, 20-20-2, 43:45 minutes
Keith Kinkaid (flo), 6 saves from 7 shots - (0,857), 16:15 minutes
Anthony Stolarz (car), 19 saves from 19 shots - (1,000), W, 46-15-3, 60:00 minutes

Players Stats for CHARLOTTE Checkers

Player Name              G  A  P  +/- PIM S  H  SB GA TA FO     MP     PP MP  PK MP  
------------------------------------------------------------------------------------
Albin Grewe              0  0  0  -2  0   0  1  0  0  0  1/2    23:05   2:52   3:44 
Alexandre Texier         0  0  0  -2  0   2  0  0  0  0  6/20   18:19   3:05   2:08 
Danny O'Regan            0  0  0  -1  0   0  1  0  0  0  2/8     8:06   0:00   0:00 
Josh Brook               0  0  0  -2  0   2  1  0  0  0  0/0    23:41   2:28   2:43 
Justin Kirkland          0  0  0  -2  4   1  0  0  0  0  0/0    16:30   2:52   0:51 
Martin Pospisil          0  0  0   0  0   1  3  0  0  0  0/0    11:12   0:00   0:00 
Matt Kiersted            0  0  0  -2  0   2  1  0  0  0  0/0    24:03   2:38   3:24 
Max Gildon               0  0  0  -2  0   1  2  0  0  0  0/0    20:49   3:19   2:34 
Michael Callahan         0  0  0  -1  0   0  1  1  0  0  0/0    15:19   0:10   1:38 
Michael Raffl            0  0  0  -2  0   0  1  1  0  0  0/2    21:04   3:05   1:30 
Michael Sgarbossa        0  0  0  -2  0   0  1  0  0  0  19/37  23:52   3:05   3:44 
Nick Cicek               0  0  0  -1  2   0  0  1  0  0  0/0    14:33   0:00   0:27 
Nick Henry               0  0  0  -1  0   0  2  0  0  0  0/0     7:08   0:00   0:00 
Nikita Popugaev          0  0  0  -2  0   1  3  0  0  0  0/2    13:05   0:00   0:16 
Stefan Matteau           0  0  0  -1  0   0  0  0  0  0  0/1     7:08   0:00   0:00 
T.J. Tynan               0  0  0   0  0   4  0  0  0  0  11/17  14:41   2:52   0:37 
Tyrell Goulbourne        0  0  0   0  0   3  0  0  0  0  0/0    11:12   0:00   0:00 
Yan Kuznetsov            0  0  0  -2  2   2  2  0  0  0  0/0    19:44   3:19   2:04 

Players Stats for CHICAGO Wolves

Player Name              G  A  P  +/- PIM S  H  SB GA TA FO     MP     PP MP  PK MP  
------------------------------------------------------------------------------------
Aleksi Heponiemi         0  0  0   0  0   0  0  0  0  0  0/0     2:55   0:00   0:00 
Chase De Leo             0  0  0   2  0   2  0  0  0  0  0/0    12:37   0:00   0:00 
Glenn Gawdin             0  0  0   0  0   1  0  0  0  0  2/2     2:55   0:00   0:00 
Isaak Phillips           0  0  0   1  0   0  5  1  0  0  0/0    23:24   2:12   3:22 
Jack McBain              1  1  2   1  2   6  4  0  0  0  19/28  22:04   3:17   2:13 
Jansen Harkins           2  0  2   2  0   4  1  0  0  0  2/3    20:04   3:08   1:25 
Joseph Cecconi           1  2  3   3  0   2  1  0  0  0  0/0    23:19   4:30   3:17 
Karson Kuhlman           0  2  2   2  0   5  2  0  0  0  1/3    20:08   3:08   1:29 
Kole Lind                0  1  1   2  0   2  0  0  0  0  0/1    13:46   0:01   0:58 
Lias Andersson           1  0  1   1  0   2  0  1  0  0  0/1    19:43   3:17   0:28 
Mikko Kokkonen           0  0  0   2  0   0  1  1  0  0  0/0    17:58   1:03   2:54 
Morgan Barron            0  2  2   2  0   2  4  0  0  0  18/39  25:17   3:08   3:46 
Nate Schnarr             0  0  0   0  0   0  0  0  0  0  0/0     4:50   0:00   0:28 
Nikita Alexandrov        2  0  2   2  0   4  3  0  0  0  8/12   12:37   0:00   0:00 
Noel Hoefenmayer         0  1  1   2  4   1  0  0  0  0  0/0    23:44   1:54   0:40 
Ondrej Kase              0  1  1   1  0   2  0  0  0  0  0/0    21:21   3:17   1:29 
Roland McKeown           0  2  2   2  0   3  2  2  0  0  0/0    24:48   3:10   1:19 
Zayde Wisdom             0  0  0   0  0   0  0  0  0  0  0/0     2:30   0:00   0:00 

3 Stars

1 - Joseph Cecconi (car)
2 - Nikita Alexandrov (car)
3 - Jansen Harkins (car)

Power Play

CHARLOTTE Checkers - 0 on 3 Attempt(s) - 0,00%
CHICAGO Wolves - 2 on 4 Attempt(s) - 50,00%

Penalty Kill

CHARLOTTE Checkers - 2 on 4 Attempt(s) - 50,00% - Score 0 goal in Penalty Kill
CHICAGO Wolves - 3 on 3 Attempt(s) - 100,00% - Score 0 goal in Penalty Kill

Team Stat

CHARLOTTE Checkers - Hits : 19 - Faceoff Wins : 39 - Blocked Shots : 3 - Penalty Minutes : 8
CHICAGO Wolves - Hits : 23 - Faceoff Wins : 50 - Blocked Shots : 5 - Penalty Minutes : 6

Official

Referees : Unknown
Linesman : Unknown

Game Notes

Keith Kinkaid enters game at 3:45 of 3rd period

CHARLOTTE Checkers

5 vs 5 Forward 
   Center                   Left Wing                Right Wing               Time % Phy DF OF 
 1 Michael Sgarbossa        Albin Grewe              Michael Raffl            40     1   2  2  
 2 Alexandre Texier         Nikita Popugaev          Justin Kirkland          30     1   2  2  
 3 T.J. Tynan               Tyrell Goulbourne        Martin Pospisil          20     1   2  2  
 4 Danny O'Regan            Stefan Matteau           Nick Henry               10     1   2  2  

5 vs 5 Defense 
   Defense                  Defense                                           Time % Phy DF OF 
 1 Matt Kiersted            Josh Brook                                        40     1   2  2  
 2 Max Gildon               Yan Kuznetsov                                     30     1   2  2  
 3 Michael Callahan         Nick Cicek                                        20     1   2  2  
 4 Matt Kiersted            Josh Brook                                        10     1   2  2  

PowerPlay Forward 
   Center                   Left Wing                Right Wing               Time % Phy DF OF 
 1 Michael Sgarbossa        Alexandre Texier         Michael Raffl            60     1   2  2  
 2 T.J. Tynan               Albin Grewe              Justin Kirkland          40     1   2  2  

PowerPlay Defense
   Defense                  Defense                                           Time % Phy DF OF 
 1 Matt Kiersted            Josh Brook                                        60     1   2  2  
 2 Max Gildon               Yan Kuznetsov                                     40     1   2  2  

Penalty Kill 4 Players Forward 
   Center                   Wing                     Time % Phy DF OF 
 1 Michael Sgarbossa        Albin Grewe              60     1   2  2  
 2 Alexandre Texier         Justin Kirkland          40     1   2  2  

Penalty Kill 4 Players Defense
   Defense                  Defense                  Time % Phy DF OF 
 1 Matt Kiersted            Josh Brook               60     1   2  2  
 2 Max Gildon               Yan Kuznetsov            40     1   2  2  

Penalty Kill - 3 Players Forward 
   Forward                                           Time % Phy DF OF 
 1 Michael Sgarbossa                                 60     1   2  2  
 2 Alexandre Texier                                  40     1   2  2  

Penalty Kill - 3 Players Defense
   Defense                  Defense                  Time % Phy DF OF 
 1 Matt Kiersted            Josh Brook               60     1   3  1  
 2 Max Gildon               Yan Kuznetsov            40     1   3  1  

4 vs 4 Forward 
   Center                   Wing                     Time % Phy DF OF 
 1 Michael Sgarbossa        Albin Grewe              60     1   2  2  
 2 Alexandre Texier         Justin Kirkland          40     1   2  2  

4 vs 4 Defense
   Defense                  Defense                  Time % Phy DF OF 
 1 Matt Kiersted            Josh Brook               60     1   2  2  
 2 Max Gildon               Yan Kuznetsov            40     1   2  2  

Last Minutes Offensive
   Center                   Left Wing                Right Wing               Defense                  Defense                  
   Michael Sgarbossa        Albin Grewe              Michael Raffl            Matt Kiersted            Josh Brook               

Last Minutes Defensive
   Center                   Left Wing                Right Wing               Defense                  Defense                  
   Michael Sgarbossa        Albin Grewe              Michael Raffl            Matt Kiersted            Josh Brook               

Goaltenders
Starting : Hugo Alnefelt            
Backup : Keith Kinkaid            

Extra Forwards
Normal : Michael Sgarbossa, T.J. Tynan, Justin Kirkland - PP : T.J. Tynan, Alexandre Texier - PK : Alexandre Texier
Extra Defensemen
Normal : Matt Kiersted, Yan Kuznetsov, Nick Cicek - PP : Matt Kiersted - PK : Yan Kuznetsov, Michael Callahan
Penalty Shots
Michael Sgarbossa, Michael Raffl, Alexandre Texier, T.J. Tynan, Albin Grewe

Scratches
Jesse Gabrielle (Healthy), Gabriel Gagne (Healthy), Vincent Dunn (Healthy), Igor Shvyrev (Healthy), Justin Almeida (Healthy)

CHICAGO Wolves

5 vs 5 Forward 
   Center                   Left Wing                Right Wing               Time % Phy DF OF 
 1 Morgan Barron            Jansen Harkins           Karson Kuhlman           40     1   2  2  
 2 Jack McBain              Lias Andersson           Ondrej Kase              30     1   2  2  
 3 Nikita Alexandrov        Chase De Leo             Kole Lind                20     1   2  2  
 4 Glenn Gawdin             Aleksi Heponiemi         Morgan Barron            10     1   2  2  

5 vs 5 Defense 
   Defense                  Defense                                           Time % Phy DF OF 
 1 Noel Hoefenmayer         Isaak Phillips                                    40     1   2  2  
 2 Roland McKeown           Joseph Cecconi                                    30     1   2  2  
 3 Mikko Kokkonen           Noel Hoefenmayer                                  20     1   2  2  
 4 Isaak Phillips           Roland McKeown                                    10     1   2  2  

PowerPlay Forward 
   Center                   Left Wing                Right Wing               Time % Phy DF OF 
 1 Morgan Barron            Jansen Harkins           Karson Kuhlman           60     1   2  2  
 2 Jack McBain              Lias Andersson           Ondrej Kase              40     1   2  2  

PowerPlay Defense
   Defense                  Defense                                           Time % Phy DF OF 
 1 Noel Hoefenmayer         Isaak Phillips                                    60     1   2  2  
 2 Roland McKeown           Joseph Cecconi                                    40     1   2  2  

Penalty Kill 4 Players Forward 
   Center                   Wing                     Time % Phy DF OF 
 1 Morgan Barron            Jack McBain              60     1   2  2  
 2 Karson Kuhlman           Ondrej Kase              40     1   2  2  

Penalty Kill 4 Players Defense
   Defense                  Defense                  Time % Phy DF OF 
 1 Noel Hoefenmayer         Isaak Phillips           60     1   2  2  
 2 Roland McKeown           Joseph Cecconi           40     1   2  2  

Penalty Kill - 3 Players Forward 
   Forward                                           Time % Phy DF OF 
 1 Morgan Barron                                     60     1   2  2  
 2 Jack McBain                                       40     1   2  2  

Penalty Kill - 3 Players Defense
   Defense                  Defense                  Time % Phy DF OF 
 1 Noel Hoefenmayer         Isaak Phillips           60     1   2  2  
 2 Roland McKeown           Joseph Cecconi           40     1   2  2  

4 vs 4 Forward 
   Center                   Wing                     Time % Phy DF OF 
 1 Morgan Barron            Jack McBain              60     1   2  2  
 2 Karson Kuhlman           Ondrej Kase              40     1   2  2  

4 vs 4 Defense
   Defense                  Defense                  Time % Phy DF OF 
 1 Noel Hoefenmayer         Isaak Phillips           60     1   2  2  
 2 Roland McKeown           Joseph Cecconi           40     1   2  2  

Last Minutes Offensive
   Center                   Left Wing                Right Wing               Defense                  Defense                  
   Morgan Barron            Jansen Harkins           Karson Kuhlman           Noel Hoefenmayer         Isaak Phillips           

Last Minutes Defensive
   Center                   Left Wing                Right Wing               Defense                  Defense                  
   Morgan Barron            Jansen Harkins           Karson Kuhlman           Noel Hoefenmayer         Isaak Phillips           

Goaltenders
Starting : Anthony Stolarz          
Backup : Mikhail Berdin           

Extra Forwards
Normal : Nate Schnarr, Zayde Wisdom, Kole Lind - PP : Nate Schnarr, Zayde Wisdom - PK : Kole Lind
Extra Defensemen
Normal : Mikko Kokkonen, Joseph Cecconi, Noel Hoefenmayer - PP : Mikko Kokkonen - PK : Joseph Cecconi, Noel Hoefenmayer
Penalty Shots
Morgan Barron, Jack McBain, Karson Kuhlman, Ondrej Kase, Jansen Harkins

Scratches
Nelson Nogier (Healthy), Sami Niku (Healthy), Luka Burzan (Healthy), Mason Millman (Healthy)

% Time on Ice - CHARLOTTE Checkers

Lines # - Real PCT - Wanted PCT - Time Play
Normal Forward
1 - 35% - 40% - 16:29
2 - 27% - 30% - 12:49
3 - 24% - 20% - 11:12
4 - 15% - 10% - 7:08
Normal Defense
1 - 37% - 40% - 17:39
2 - 31% - 30% - 14:56
3 - 31% - 20% - 14:41
4 - 1% - 10% - 0:22
PP Forward
1 - 52% - 60% - 3:05
2 - 48% - 40% - 2:52
PP Defense
1 - 44% - 60% - 2:38
2 - 56% - 40% - 3:19
PK Forward
1 - 70% - 60% - 4:31
2 - 30% - 40% - 1:54
PK Defense
1 - 53% - 60% - 3:24
2 - 47% - 40% - 3:01
PK3 Forward
1 - 0% - 60%
2 - 0% - 40%
PK3 Defense
1 - 0% - 60%
2 - 0% - 40%
44 Forward
1 - 0% - 60%
2 - 0% - 40%
44 Defense
1 - 0% - 60%
2 - 0% - 40%
Last Minute Offensive  - 0:00
Last Minute Defensive  - 0:00
Total
Forward - 60:00
Defense - 60:00

% Time on Ice - CHICAGO Wolves

Lines # - Real PCT - Wanted PCT - Time Play
Normal Forward
1 - 33% - 40% - 15:31
2 - 35% - 30% - 16:35
3 - 26% - 20% - 12:37
4 - 6% - 10% - 2:55
Normal Defense
1 - 23% - 40% - 11:09
2 - 29% - 30% - 13:59
3 - 30% - 20% - 14:16
4 - 17% - 10% - 8:14
PP Forward
1 - 49% - 60% - 3:08
2 - 51% - 40% - 3:17
PP Defense
1 - 40% - 60% - 2:34
2 - 60% - 40% - 3:51
PK Forward
1 - 75% - 60% - 4:28
2 - 25% - 40% - 1:29
PK Defense
1 - 82% - 60% - 4:51
2 - 18% - 40% - 1:06
PK3 Forward
1 - 0% - 60%
2 - 0% - 40%
PK3 Defense
1 - 0% - 60%
2 - 0% - 40%
44 Forward
1 - 0% - 60%
2 - 0% - 40%
44 Defense
1 - 0% - 60%
2 - 0% - 40%
Last Minute Offensive  - 0:00
Last Minute Defensive  - 0:00
Total
Forward - 60:00
Defense - 60:00

Play-by-Play

1st period


0:01 of 1st period - Morgan Barron wins face-off versus Michael Sgarbossa in neutral zone.
0:12 of 1st period - Icing by Matt Kiersted.
0:13 of 1st period - Michael Sgarbossa wins face-off versus Jack McBain in CHARLOTTE Checkers zone.
0:13 of 1st period - Michael Sgarbossa is hit by Jack McBain.
0:34 of 1st period - Shot by Joseph Cecconi.
0:34 of 1st period - Deflect By Lias Andersson.
0:34 of 1st period - Stopped by Hugo Alnefelt without a rebound.
0:35 of 1st period - Alexandre Texier wins face-off versus Nikita Alexandrov in CHARLOTTE Checkers zone.
1:05 of 1st period - Shot by Alexandre Texier.
1:05 of 1st period - Shot Hit the Post.
1:48 of 1st period - Shot by Tyrell Goulbourne.
1:48 of 1st period - Stopped by Anthony Stolarz without a rebound.
1:49 of 1st period - Jack McBain wins face-off versus Danny O'Regan in CHICAGO Wolves zone.
2:10 of 1st period - Off-side.
2:11 of 1st period - Michael Sgarbossa wins face-off versus Morgan Barron in neutral zone.
2:34 of 1st period - Shot by Jansen Harkins.
2:34 of 1st period - Shot Misses the Net.
2:53 of 1st period - Icing by Michael Raffl.
2:54 of 1st period - Michael Sgarbossa wins face-off versus Lias Andersson in CHARLOTTE Checkers zone.
3:10 of 1st period - Minor Penalty to Justin Kirkland for High sticking.
3:11 of 1st period - Michael Sgarbossa wins face-off versus Morgan Barron in CHARLOTTE Checkers zone.
3:17 of 1st period - Icing by Roland McKeown.
3:18 of 1st period - Michael Sgarbossa wins face-off versus Morgan Barron in CHICAGO Wolves zone.
3:30 of 1st period - Off-side.
3:31 of 1st period - Jack McBain wins face-off versus Alexandre Texier in neutral zone.
3:36 of 1st period - Shot by Noel Hoefenmayer.
3:36 of 1st period - Shot Misses the Net.
3:42 of 1st period - Shot by Lias Andersson.
3:42 of 1st period - Deflect By Jack McBain.
3:42 of 1st period - Stopped by Hugo Alnefelt without a rebound.
3:43 of 1st period - Morgan Barron wins face-off versus Michael Sgarbossa in CHARLOTTE Checkers zone.
4:05 of 1st period - Icing by Morgan Barron.
4:06 of 1st period - Alexandre Texier wins face-off versus Morgan Barron in CHICAGO Wolves zone.
4:14 of 1st period - Icing by Morgan Barron.
4:15 of 1st period - Karson Kuhlman wins face-off versus Michael Sgarbossa in CHICAGO Wolves zone.
5:13 of 1st period - Icing by Michael Callahan.
5:14 of 1st period - T.J. Tynan wins face-off versus Kole Lind in CHARLOTTE Checkers zone.
5:14 of 1st period - T.J. Tynan is hit by Nikita Alexandrov.
5:35 of 1st period - Off-side.
5:36 of 1st period - Alexandre Texier wins face-off versus Jack McBain in neutral zone.
6:40 of 1st period - Minor Penalty to Noel Hoefenmayer for Interference.
6:41 of 1st period - Michael Sgarbossa wins face-off versus Morgan Barron in CHICAGO Wolves zone.
6:42 of 1st period - Shot by Alexandre Texier.
6:42 of 1st period - Shot Misses the Net.
6:44 of 1st period - Shot by Yan Kuznetsov.
6:44 of 1st period - Shot Misses the Net.
7:27 of 1st period - Shot by Josh Brook.
7:27 of 1st period - Stopped by Anthony Stolarz without a rebound.
7:28 of 1st period - Morgan Barron wins face-off versus T.J. Tynan in CHICAGO Wolves zone.
7:48 of 1st period - Icing by Matt Kiersted.
7:49 of 1st period - T.J. Tynan wins face-off versus Morgan Barron in CHARLOTTE Checkers zone.
8:02 of 1st period - Shot by T.J. Tynan.
8:02 of 1st period - Stopped by Anthony Stolarz without a rebound.
8:03 of 1st period - Michael Sgarbossa wins face-off versus Karson Kuhlman in CHICAGO Wolves zone.
8:03 of 1st period - Alexandre Texier is hit by Isaak Phillips and loses puck.
8:06 of 1st period - Shot by Max Gildon.
8:06 of 1st period - Shot Blocked by Isaak Phillips.
8:08 of 1st period - Shot by Max Gildon.
8:08 of 1st period - Stopped by Anthony Stolarz without a rebound.
8:09 of 1st period - Morgan Barron wins face-off versus Michael Sgarbossa in CHICAGO Wolves zone.
8:45 of 1st period - T.J. Tynan is hit by Joseph Cecconi.
9:00 of 1st period - Martin Pospisil is hit by Roland McKeown and loses puck.
9:09 of 1st period - Shot by T.J. Tynan.
9:09 of 1st period - Stopped by Anthony Stolarz without a rebound.
9:10 of 1st period - Jack McBain wins face-off versus Danny O'Regan in CHICAGO Wolves zone.
9:35 of 1st period - Icing by Matt Kiersted.
9:36 of 1st period - Morgan Barron wins face-off versus Danny O'Regan in CHARLOTTE Checkers zone.
9:41 of 1st period - Shot by Morgan Barron.
9:41 of 1st period - Shot Misses the Net.
9:43 of 1st period - Shot by Noel Hoefenmayer.
9:43 of 1st period - Stopped by Hugo Alnefelt without a rebound.
9:44 of 1st period - Michael Sgarbossa wins face-off versus Morgan Barron in CHARLOTTE Checkers zone.
9:44 of 1st period - Michael Sgarbossa is hit by Morgan Barron.
9:56 of 1st period - Shot by Albin Grewe.
9:56 of 1st period - Deflect By Michael Raffl.
9:56 of 1st period - Shot Blocked by Roland McKeown.
10:04 of 1st period - Icing by Michael Raffl.
10:05 of 1st period - Jack McBain wins face-off versus Michael Sgarbossa in CHARLOTTE Checkers zone.
10:20 of 1st period - Shot by Ondrej Kase.
10:20 of 1st period - Shot Misses the Net.
10:22 of 1st period - Shot by Jack McBain.
10:22 of 1st period - Stopped by Hugo Alnefelt without a rebound.
10:23 of 1st period - Morgan Barron wins face-off versus Alexandre Texier in CHARLOTTE Checkers zone.
10:47 of 1st period - Icing by Nikita Popugaev.
10:48 of 1st period - Jack McBain wins face-off versus Alexandre Texier in CHARLOTTE Checkers zone.
10:49 of 1st period - Shot by Ondrej Kase.
10:49 of 1st period - Stopped by Hugo Alnefelt without a rebound.
10:50 of 1st period - Michael Sgarbossa wins face-off versus Jack McBain in CHARLOTTE Checkers zone.
11:01 of 1st period - Shot by Michael Raffl.
11:01 of 1st period - Shot Misses the Net.
11:23 of 1st period - Icing by Noel Hoefenmayer.
11:24 of 1st period - Jack McBain wins face-off versus Nikita Popugaev in CHICAGO Wolves zone.
11:24 of 1st period - Jack McBain is hit by Nikita Popugaev.
11:52 of 1st period - Shot by Karson Kuhlman.
11:52 of 1st period - Shot Misses the Net.
11:59 of 1st period - Morgan Barron is hit by Josh Brook.
12:01 of 1st period - Shot by Jansen Harkins.
12:01 of 1st period - Shot Misses the Net.
12:03 of 1st period - Shot by Karson Kuhlman.
12:03 of 1st period - Stopped by Hugo Alnefelt without a rebound.
12:04 of 1st period - Nikita Alexandrov wins face-off versus T.J. Tynan in CHARLOTTE Checkers zone.
12:27 of 1st period - Shot by T.J. Tynan.
12:27 of 1st period - Shot Misses the Net.
12:29 of 1st period - Shot by Tyrell Goulbourne.
12:29 of 1st period - Stopped by Anthony Stolarz without a rebound.
12:30 of 1st period - Michael Sgarbossa wins face-off versus Morgan Barron in CHICAGO Wolves zone.
12:30 of 1st period - Michael Sgarbossa is hit by Isaak Phillips.
12:39 of 1st period - Icing by Morgan Barron.
12:40 of 1st period - Jansen Harkins wins face-off versus Michael Raffl in CHICAGO Wolves zone.
13:04 of 1st period - Noel Hoefenmayer is hit by Albin Grewe and loses puck.
13:31 of 1st period - Shot by Alexandre Texier.
13:31 of 1st period - Stopped by Anthony Stolarz with a rebound.
13:36 of 1st period - Justin Kirkland is hit by Isaak Phillips and loses puck.
13:39 of 1st period - Shot by Max Gildon.
13:39 of 1st period - Shot Misses the Net.
13:45 of 1st period - Shot by Alexandre Texier.
13:45 of 1st period - Stopped by Anthony Stolarz without a rebound.
13:46 of 1st period - T.J. Tynan wins face-off versus Jack McBain in CHICAGO Wolves zone.
13:49 of 1st period - Shot by Tyrell Goulbourne.
13:49 of 1st period - Stopped by Anthony Stolarz without a rebound.
13:50 of 1st period - Jack McBain wins face-off versus T.J. Tynan in CHICAGO Wolves zone.
13:50 of 1st period - Ondrej Kase is hit by Martin Pospisil and loses puck.
14:22 of 1st period - Off-side.
14:23 of 1st period - Michael Sgarbossa wins face-off versus Nikita Alexandrov in neutral zone.
14:26 of 1st period - Mikko Kokkonen is hit by Michael Raffl and loses puck.
15:08 of 1st period - Icing by Matt Kiersted.
15:09 of 1st period - Jack McBain wins face-off versus Michael Raffl in CHARLOTTE Checkers zone.
15:59 of 1st period - Karson Kuhlman is hit by Yan Kuznetsov and loses puck.
16:10 of 1st period - Shot by Jansen Harkins.
16:10 of 1st period - Stopped by Hugo Alnefelt with a rebound.
16:18 of 1st period - Shot by Jansen Harkins.
16:18 of 1st period - Shot Misses the Net.
16:28 of 1st period - Minor Penalty to Justin Kirkland for Roughing.
16:29 of 1st period - Michael Sgarbossa wins face-off versus Jack McBain in CHARLOTTE Checkers zone.
16:56 of 1st period - Michael Raffl is hit by Jack McBain and loses puck.
18:34 of 1st period - Shot by Kole Lind.
18:34 of 1st period - Shot Misses the Net.
19:21 of 1st period - Isaak Phillips is hit by Martin Pospisil and loses puck.
Goals for this period are 0 for CHARLOTTE Checkers vs 0 for CHICAGO Wolves.
Shots for this period are 9 for CHARLOTTE Checkers vs 7 for CHICAGO Wolves.

2nd period


0:01 of 2nd period - Michael Sgarbossa wins face-off versus Morgan Barron in neutral zone.
0:04 of 2nd period - Shot by Matt Kiersted.
0:04 of 2nd period - Stopped by Anthony Stolarz without a rebound.
0:05 of 2nd period - Morgan Barron wins face-off versus Michael Sgarbossa in CHICAGO Wolves zone.
0:12 of 2nd period - Shot by Morgan Barron.
0:12 of 2nd period - Shot Misses the Net.
0:14 of 2nd period - Shot by Karson Kuhlman.
0:14 of 2nd period - Deflect By Jansen Harkins.
0:14 of 2nd period - Goal by Jansen Harkins - CHARLOTTE Checkers : 0 - CHICAGO Wolves : 1.
0:15 of 2nd period - Jack McBain wins face-off versus Alexandre Texier in neutral zone.
0:20 of 2nd period - Shot by Jack McBain.
0:20 of 2nd period - Goal by Jack McBain - CHARLOTTE Checkers : 0 - CHICAGO Wolves : 2.
0:21 of 2nd period - Michael Sgarbossa wins face-off versus Karson Kuhlman in neutral zone.
0:26 of 2nd period - Icing by Karson Kuhlman.
0:27 of 2nd period - Morgan Barron wins face-off versus Michael Sgarbossa in CHICAGO Wolves zone.
0:50 of 2nd period - Shot by Morgan Barron.
0:50 of 2nd period - Shot Misses the Net.
0:52 of 2nd period - Shot by Karson Kuhlman.
0:52 of 2nd period - Shot Misses the Net.
1:46 of 2nd period - Minor Penalty to Yan Kuznetsov for Tripping.
1:47 of 2nd period - Jack McBain wins face-off versus Alexandre Texier in CHARLOTTE Checkers zone.
1:48 of 2nd period - Shot by Ondrej Kase.
1:48 of 2nd period - Stopped by Hugo Alnefelt without a rebound.
1:49 of 2nd period - Alexandre Texier wins face-off versus Jack McBain in CHARLOTTE Checkers zone.
1:59 of 2nd period - Jack McBain is hit by Michael Callahan and loses puck.
2:02 of 2nd period - Shot by Joseph Cecconi.
2:02 of 2nd period - Stopped by Hugo Alnefelt without a rebound.
2:03 of 2nd period - Albin Grewe wins face-off versus Jack McBain in CHARLOTTE Checkers zone.
2:16 of 2nd period - Shot by Lias Andersson.
2:16 of 2nd period - Goal by Lias Andersson - CHARLOTTE Checkers : 0 - CHICAGO Wolves : 3.
2:17 of 2nd period - Jansen Harkins wins face-off versus T.J. Tynan in neutral zone.
2:42 of 2nd period - Shot by Karson Kuhlman.
2:42 of 2nd period - Stopped by Hugo Alnefelt without a rebound.
2:43 of 2nd period - Jack McBain wins face-off versus Alexandre Texier in CHARLOTTE Checkers zone.
2:46 of 2nd period - Shot by Lias Andersson.
2:46 of 2nd period - Deflect By Ondrej Kase.
2:46 of 2nd period - Shot Blocked by Nick Cicek.
3:28 of 2nd period - Off-side.
3:29 of 2nd period - Morgan Barron wins face-off versus Albin Grewe in neutral zone.
3:57 of 2nd period - Michael Sgarbossa is hit by Isaak Phillips and loses puck.
4:01 of 2nd period - Minor Penalty to Noel Hoefenmayer for Slashing.
4:02 of 2nd period - T.J. Tynan wins face-off versus Morgan Barron in CHICAGO Wolves zone.
4:03 of 2nd period - Shot by Yan Kuznetsov.
4:03 of 2nd period - Stopped by Anthony Stolarz with a rebound.
4:15 of 2nd period - Shot by Yan Kuznetsov.
4:15 of 2nd period - Stopped by Anthony Stolarz without a rebound.
4:16 of 2nd period - Morgan Barron wins face-off versus Michael Sgarbossa in CHICAGO Wolves zone.
5:18 of 2nd period - Josh Brook is hit by Karson Kuhlman and loses puck.
6:13 of 2nd period - Noel Hoefenmayer is hit by Nick Henry and loses puck.
6:25 of 2nd period - Noel Hoefenmayer is hit by Nick Henry and loses puck.
7:09 of 2nd period - Shot by Matt Kiersted.
7:09 of 2nd period - Shot Misses the Net.
7:18 of 2nd period - Kole Lind is hit by Nikita Popugaev and loses puck.
7:37 of 2nd period - Shot by Nikita Popugaev.
7:37 of 2nd period - Stopped by Anthony Stolarz without a rebound.
7:38 of 2nd period - Michael Sgarbossa wins face-off versus Morgan Barron in CHICAGO Wolves zone.
7:48 of 2nd period - Michael Sgarbossa is hit by Mikko Kokkonen and loses puck.
8:01 of 2nd period - Shot by Morgan Barron.
8:01 of 2nd period - Shot Misses the Net.
8:03 of 2nd period - Shot by Karson Kuhlman.
8:03 of 2nd period - Shot Misses the Net.
8:09 of 2nd period - Shot by Morgan Barron.
8:09 of 2nd period - Stopped by Hugo Alnefelt without a rebound.
8:10 of 2nd period - Jack McBain wins face-off versus Stefan Matteau in CHARLOTTE Checkers zone.
8:25 of 2nd period - Shot by Ondrej Kase.
8:25 of 2nd period - Shot Misses the Net.
8:26 of 2nd period - Minor Penalty to Jack McBain for Tripping.
8:27 of 2nd period - T.J. Tynan wins face-off versus Morgan Barron in CHICAGO Wolves zone.
8:28 of 2nd period - Shot by Justin Kirkland.
8:28 of 2nd period - Shot Blocked by Mikko Kokkonen.
8:30 of 2nd period - Shot by Josh Brook.
8:30 of 2nd period - Stopped by Anthony Stolarz without a rebound.
8:31 of 2nd period - Morgan Barron wins face-off versus T.J. Tynan in CHICAGO Wolves zone.
8:37 of 2nd period - Icing by Albin Grewe.
8:38 of 2nd period - T.J. Tynan wins face-off versus Morgan Barron in CHARLOTTE Checkers zone.
10:00 of 2nd period - Icing by Michael Raffl.
10:01 of 2nd period - Michael Sgarbossa wins face-off versus Morgan Barron in CHARLOTTE Checkers zone.
10:22 of 2nd period - Icing by Michael Callahan.
10:23 of 2nd period - T.J. Tynan wins face-off versus Morgan Barron in CHARLOTTE Checkers zone.
10:23 of 2nd period - T.J. Tynan is hit by Morgan Barron.
10:53 of 2nd period - Shot by Nick Henry.
10:53 of 2nd period - Shot Misses the Net.
11:01 of 2nd period - Nick Cicek is hit by Jack McBain and loses puck.
11:20 of 2nd period - Icing by Kole Lind.
11:21 of 2nd period - Nikita Alexandrov wins face-off versus Michael Sgarbossa in CHICAGO Wolves zone.
11:38 of 2nd period - Shot by Nikita Alexandrov.
11:38 of 2nd period - Stopped by Hugo Alnefelt without a rebound.
11:39 of 2nd period - Alexandre Texier wins face-off versus Jansen Harkins in CHARLOTTE Checkers zone.
11:58 of 2nd period - Shot by Karson Kuhlman.
11:58 of 2nd period - Stopped by Hugo Alnefelt without a rebound.
11:59 of 2nd period - Jack McBain wins face-off versus Michael Sgarbossa in CHARLOTTE Checkers zone.
12:04 of 2nd period - Shot by Ondrej Kase.
12:04 of 2nd period - Shot Misses the Net.
12:15 of 2nd period - Shot by Jack McBain.
12:15 of 2nd period - Stopped by Hugo Alnefelt without a rebound.
12:16 of 2nd period - Morgan Barron wins face-off versus Alexandre Texier in CHARLOTTE Checkers zone.
12:19 of 2nd period - Shot by Karson Kuhlman.
12:19 of 2nd period - Shot Misses the Net.
12:21 of 2nd period - Shot by Karson Kuhlman.
12:21 of 2nd period - Stopped by Hugo Alnefelt without a rebound.
12:22 of 2nd period - Michael Sgarbossa wins face-off versus Morgan Barron in CHARLOTTE Checkers zone.
12:22 of 2nd period - Michael Sgarbossa is hit by Morgan Barron.
12:55 of 2nd period - Shot by Isaak Phillips.
12:55 of 2nd period - Shot Misses the Net.
13:02 of 2nd period - Icing by Michael Raffl.
13:03 of 2nd period - Jack McBain wins face-off versus Michael Sgarbossa in CHARLOTTE Checkers zone.
13:27 of 2nd period - Icing by Michael Sgarbossa.
13:28 of 2nd period - Nikita Alexandrov wins face-off versus Michael Sgarbossa in CHARLOTTE Checkers zone.
13:29 of 2nd period - Shot by Kole Lind.
13:29 of 2nd period - Deflect By Chase De Leo.
13:29 of 2nd period - Stopped by Hugo Alnefelt with a rebound.
13:31 of 2nd period - Shot by Kole Lind.
13:31 of 2nd period - Shot Misses the Net.
13:33 of 2nd period - Shot by Nikita Alexandrov.
13:33 of 2nd period - Stopped by Hugo Alnefelt with a rebound.
13:57 of 2nd period - Shot by Chase De Leo.
13:57 of 2nd period - Stopped by Hugo Alnefelt without a rebound.
13:58 of 2nd period - Alexandre Texier wins face-off versus Morgan Barron in CHARLOTTE Checkers zone.
14:16 of 2nd period - Shot by Jansen Harkins.
14:16 of 2nd period - Stopped by Hugo Alnefelt without a rebound.
14:17 of 2nd period - T.J. Tynan wins face-off versus Jack McBain in CHARLOTTE Checkers zone.
14:46 of 2nd period - Shot by Martin Pospisil.
14:46 of 2nd period - Stopped by Anthony Stolarz with a rebound.
15:33 of 2nd period - Off-side.
15:34 of 2nd period - Nikita Alexandrov wins face-off versus Alexandre Texier in neutral zone.
15:41 of 2nd period - Shot by Nikita Alexandrov.
15:41 of 2nd period - Goal by Nikita Alexandrov - CHARLOTTE Checkers : 0 - CHICAGO Wolves : 4.
15:42 of 2nd period - Nikita Alexandrov wins face-off versus Alexandre Texier in neutral zone.
16:03 of 2nd period - Nikita Alexandrov is hit by Yan Kuznetsov and loses puck.
16:50 of 2nd period - Shot by Ondrej Kase.
16:50 of 2nd period - Deflect By Jack McBain.
16:50 of 2nd period - Shot Blocked by Michael Raffl.
17:48 of 2nd period - Shot by Kole Lind.
17:48 of 2nd period - Shot Misses the Net.
17:50 of 2nd period - Shot by Nikita Alexandrov.
17:50 of 2nd period - Shot Misses the Net.
17:54 of 2nd period - Shot by Kole Lind.
17:54 of 2nd period - Shot Blocked by Michael Callahan.
17:56 of 2nd period - Shot by Kole Lind.
17:56 of 2nd period - Deflect By Nikita Alexandrov.
17:56 of 2nd period - Shot Misses the Net.
17:58 of 2nd period - Shot by Roland McKeown.
17:58 of 2nd period - Stopped by Hugo Alnefelt without a rebound.
17:59 of 2nd period - T.J. Tynan wins face-off versus Jack McBain in CHARLOTTE Checkers zone.
17:59 of 2nd period - T.J. Tynan is hit by Jack McBain.
18:48 of 2nd period - Shot by Glenn Gawdin.
18:48 of 2nd period - Stopped by Hugo Alnefelt without a rebound.
18:49 of 2nd period - Morgan Barron wins face-off versus Danny O'Regan in CHARLOTTE Checkers zone.
18:49 of 2nd period - Minor Penalty to Nick Cicek for Boarding.
18:50 of 2nd period - Michael Sgarbossa wins face-off versus Morgan Barron in CHARLOTTE Checkers zone.
18:50 of 2nd period - Michael Sgarbossa is hit by Jansen Harkins.
18:59 of 2nd period - Off-side.
19:00 of 2nd period - Morgan Barron wins face-off versus Michael Sgarbossa in neutral zone.
19:30 of 2nd period - Shot by Morgan Barron.
19:30 of 2nd period - Shot Misses the Net.
19:32 of 2nd period - Shot by Karson Kuhlman.
19:32 of 2nd period - Shot Misses the Net.
19:34 of 2nd period - Shot by Joseph Cecconi.
19:34 of 2nd period - Shot Misses the Net.
Goals for this period are 0 for CHARLOTTE Checkers vs 4 for CHICAGO Wolves.
Shots for this period are 6 for CHARLOTTE Checkers vs 18 for CHICAGO Wolves.

3rd period


0:01 of 3rd period - Morgan Barron wins face-off versus Michael Sgarbossa in neutral zone.
0:12 of 3rd period - Shot by Morgan Barron.
0:12 of 3rd period - Stopped by Hugo Alnefelt without a rebound.
0:13 of 3rd period - Jack McBain wins face-off versus Michael Sgarbossa in CHARLOTTE Checkers zone.
0:44 of 3rd period - Shot by Roland McKeown.
0:44 of 3rd period - Stopped by Hugo Alnefelt with a rebound.
0:46 of 3rd period - Shot by Joseph Cecconi.
0:46 of 3rd period - Goal by Joseph Cecconi - CHARLOTTE Checkers : 0 - CHICAGO Wolves : 5.
0:47 of 3rd period - Morgan Barron wins face-off versus Alexandre Texier in neutral zone.
0:57 of 3rd period - Shot by Morgan Barron.
0:57 of 3rd period - Shot Misses the Net.
1:50 of 3rd period - Off-side.
1:51 of 3rd period - Jack McBain wins face-off versus Michael Sgarbossa in neutral zone.
2:28 of 3rd period - Shot by Michael Raffl.
2:28 of 3rd period - Shot Misses the Net.
3:11 of 3rd period - Shot by Matt Kiersted.
3:11 of 3rd period - Stopped by Anthony Stolarz without a rebound.
3:12 of 3rd period - Glenn Gawdin wins face-off versus Alexandre Texier in CHICAGO Wolves zone.
3:33 of 3rd period - Shot by Justin Kirkland.
3:33 of 3rd period - Stopped by Anthony Stolarz without a rebound.
3:34 of 3rd period - Danny O'Regan wins face-off versus Nikita Alexandrov in CHICAGO Wolves zone.
3:45 of 3rd period - Shot by Nikita Alexandrov.
3:45 of 3rd period - Goal by Nikita Alexandrov - CHARLOTTE Checkers : 0 - CHICAGO Wolves : 6.
3:45 of 3rd period - Keith Kinkaid enters game.
3:46 of 3rd period - Michael Sgarbossa wins face-off versus Morgan Barron in neutral zone.
3:53 of 3rd period - Shot by Michael Sgarbossa.
3:53 of 3rd period - Shot Misses the Net.
3:59 of 3rd period - Shot by Michael Sgarbossa.
3:59 of 3rd period - Shot Blocked by Roland McKeown.
4:15 of 3rd period - Shot by Jansen Harkins.
4:15 of 3rd period - Goal by Jansen Harkins - CHARLOTTE Checkers : 0 - CHICAGO Wolves : 7.
4:16 of 3rd period - Jack McBain wins face-off versus Nikita Popugaev in neutral zone.
4:32 of 3rd period - Icing by Josh Brook.
4:33 of 3rd period - Nikita Alexandrov wins face-off versus Alexandre Texier in CHARLOTTE Checkers zone.
4:44 of 3rd period - Shot by Kole Lind.
4:44 of 3rd period - Shot Misses the Net.
5:03 of 3rd period - Off-side.
5:04 of 3rd period - Morgan Barron wins face-off versus Michael Sgarbossa in neutral zone.
5:27 of 3rd period - Michael Sgarbossa is hit by Morgan Barron and loses puck.
6:36 of 3rd period - Nick Cicek is hit by Nikita Alexandrov and loses puck.
6:49 of 3rd period - Shot by Nikita Alexandrov.
6:49 of 3rd period - Shot Misses the Net.
7:30 of 3rd period - Alexandre Texier is hit by Isaak Phillips and loses puck.
8:35 of 3rd period - Jansen Harkins is hit by Max Gildon.
8:51 of 3rd period - Karson Kuhlman is hit by Danny O'Regan and loses puck.
9:59 of 3rd period - Nikita Alexandrov is hit by Nikita Popugaev and loses puck.
10:34 of 3rd period - Shot by Jack McBain.
10:34 of 3rd period - Shot Misses the Net.
10:36 of 3rd period - Shot by Roland McKeown.
10:36 of 3rd period - Stopped by Keith Kinkaid without a rebound.
10:37 of 3rd period - T.J. Tynan wins face-off versus Morgan Barron in CHARLOTTE Checkers zone.
10:37 of 3rd period - T.J. Tynan is hit by Karson Kuhlman.
11:05 of 3rd period - Morgan Barron is hit by Matt Kiersted.
11:15 of 3rd period - Mikko Kokkonen is hit by Martin Pospisil and loses puck.
11:48 of 3rd period - Shot by Michael Raffl.
11:48 of 3rd period - Shot Misses the Net.
11:50 of 3rd period - Shot by Michael Raffl.
11:50 of 3rd period - Shot Misses the Net.
12:53 of 3rd period - Shot by T.J. Tynan.
12:53 of 3rd period - Shot Blocked by Lias Andersson.
13:41 of 3rd period - Shot by Karson Kuhlman.
13:41 of 3rd period - Stopped by Keith Kinkaid with a rebound.
13:50 of 3rd period - Icing by Josh Brook.
13:51 of 3rd period - Danny O'Regan wins face-off versus Nikita Alexandrov in CHARLOTTE Checkers zone.
13:51 of 3rd period - Danny O'Regan is hit by Nikita Alexandrov.
14:13 of 3rd period - Shot by Kole Lind.
14:13 of 3rd period - Stopped by Keith Kinkaid without a rebound.
14:14 of 3rd period - Glenn Gawdin wins face-off versus T.J. Tynan in CHARLOTTE Checkers zone.
14:34 of 3rd period - T.J. Tynan is hit by Roland McKeown.
15:03 of 3rd period - Shot by Kole Lind.
15:03 of 3rd period - Shot Misses the Net.
15:30 of 3rd period - Off-side.
15:31 of 3rd period - Morgan Barron wins face-off versus Alexandre Texier in neutral zone.
15:58 of 3rd period - Shot by Morgan Barron.
15:58 of 3rd period - Shot Misses the Net.
16:00 of 3rd period - Shot by Karson Kuhlman.
16:00 of 3rd period - Shot Hit the Post.
16:57 of 3rd period - Shot by T.J. Tynan.
16:57 of 3rd period - Stopped by Anthony Stolarz without a rebound.
16:58 of 3rd period - Nikita Alexandrov wins face-off versus Michael Sgarbossa in CHICAGO Wolves zone.
16:58 of 3rd period - Nikita Alexandrov is hit by Michael Sgarbossa.
17:44 of 3rd period - Off-side.
17:45 of 3rd period - Jack McBain wins face-off versus Danny O'Regan in neutral zone.
18:07 of 3rd period - Ondrej Kase is hit by Max Gildon and loses puck.
18:14 of 3rd period - Shot by Jack McBain.
18:14 of 3rd period - Stopped by Keith Kinkaid without a rebound.
18:15 of 3rd period - T.J. Tynan wins face-off versus Morgan Barron in CHARLOTTE Checkers zone.
18:24 of 3rd period - Shot by T.J. Tynan.
18:24 of 3rd period - Stopped by Anthony Stolarz with a rebound.
19:21 of 3rd period - Shot by Jack McBain.
19:21 of 3rd period - Stopped by Keith Kinkaid without a rebound.
19:22 of 3rd period - Nikita Alexandrov wins face-off versus Alexandre Texier in CHARLOTTE Checkers zone.
19:31 of 3rd period - Shot by Kole Lind.
19:31 of 3rd period - Stopped by Keith Kinkaid without a rebound.
19:32 of 3rd period - Jack McBain wins face-off versus Danny O'Regan in CHARLOTTE Checkers zone.
19:35 of 3rd period - Shot by Jack McBain.
19:35 of 3rd period - Shot Misses the Net.
19:37 of 3rd period - Shot by Ondrej Kase.
19:37 of 3rd period - Shot Misses the Net.
19:39 of 3rd period - Shot by Jack McBain.
19:39 of 3rd period - Shot Misses the Net.
19:41 of 3rd period - Shot by Jack McBain.
19:41 of 3rd period - Shot Misses the Net.
Goals for this period are 0 for CHARLOTTE Checkers vs 3 for CHICAGO Wolves.
Shots for this period are 4 for CHARLOTTE Checkers vs 11 for CHICAGO Wolves. Output by the SimonT Hockey Simulator (STHS) for Martin Benoit - Original Page W3C HTML5 Valid
Hockey Simulator - Hockey Simulation - Hockey Manager